[Event "FIDE Open A - Konik"]
[Site "?"]
[Date "2013.04.30"]
[Round "3.8"]
[White "Krouzel, Jaroslav"]
[Black "Dolezal, Radoslav"]
[Result "1/2-1/2"]
[ECO "D02"]
[WhiteElo "2153"]
[BlackElo "2358"]
[PlyCount "23"]
[EventDate "2013.??.??"]
[TimeControl "6000+30"]
[WhiteClock "1:33:20"]
[BlackClock "1:30:32"]

1. d4 d5 2. Nf3 Nf6 3. Bf4 Bf5 4. e3 e6 5. c4 c6 6. Nc3 Bd6 7. Bxd6 Qxd6 8. Ne5
Nbd7 9. Nxd7 Qxd7 10. Bd3 Bxd3 11. Qxd3 O-O 12. O-O 1/2-1/2

[Event "FIDE Open A - Konik"]
[Site "?"]
[Date "2013.04.30"]
[Round "3.9"]
[White "Michenka, Jozef"]
[Black "Bartos, Jan"]
[Result "0-1"]
[ECO "D03"]
[WhiteElo "2355"]
[BlackElo "2160"]
[PlyCount "62"]
[EventDate "2013.??.??"]
[TimeControl "6000+1845"]
[WhiteClock "0:00:36"]
[BlackClock "0:11:21"]

1. d4 d5 2. Nf3 Nf6 3. Bg5 Ne4 4. Bh4 c5 5. dxc5 Nc6 6. Nbd2 Bf5 7. e3 Nxc5 8.
Nd4 Nxd4 9. exd4 Na4 10. Bb5+ Bd7 11. Bxa4 Bxa4 12. O-O Qb6 13. Nb3 Qh6 14. Bg3
e6 15. Re1 Bb4 16. Re5 O-O 17. Nc5 Bxc5 18. dxc5 Rfc8 19. b3 Be8 20. Qd4 b6 21.
cxb6 axb6 22. Bf4 Qf6 23. c3 Rc6 24. a4 b5 25. a5 Qd8 26. b4 f6 27. Re3 Rc4 28.
Qd2 Rxf4 29. Rxe6 Re4 30. Rb6 Qxb6 31. Qxd5+ Qe6 0-1

[Event "FIDE Open A - Konik"]
[Site "?"]
[Date "2013.04.30"]
[Round "3.10"]
[White "Dostál, Radim"]
[Black "Zabystrzan, Pavel"]
[Result "0-1"]
[ECO "B13"]
[WhiteElo "2036"]
[BlackElo "2308"]
[PlyCount "54"]
[EventDate "2013.??.??"]
[TimeControl "6000+1095"]
[WhiteClock "0:12:55"]
[BlackClock "0:29:24"]

1. e4 c6 2. d4 d5 3. exd5 cxd5 4. c4 Nf6 5. Nc3 Nc6 6. Bg5 e6 7. Nf3 Be7 8. a3
O-O 9. Bd3 dxc4 10. Bxc4 a6 11. O-O b5 12. Bd3 Bb7 13. Re1 Rc8 14. Bc2 Na5 15.
Qd3 g6 16. Ne5 Nc4 17. Bh6 Re8 18. Qh3 Nxe5 19. dxe5 Nd5 20. Rad1 Qb6 21. Nxd5
Bxd5 22. Be4 Bxe4 23. Rxe4 Red8 24. Rde1 Rc2 25. Be3 Bc5 26. Rh4 Bxe3 27. Rxh7
Bh6 0-1

[Event "FIDE Open A - Konik"]
[Site "?"]
[Date "2013.04.30"]
[Round "3.11"]
[White "Kubeczka, Ales"]
[Black "Jaworski, Miroslaw"]
[Result "1/2-1/2"]
[ECO "E32"]
[WhiteElo "2032"]
[BlackElo "2286"]
[PlyCount "39"]
[EventDate "2013.??.??"]
[TimeControl "6000+960"]
[WhiteClock "0:30:34"]
[BlackClock "0:31:36"]

1. d4 Nf6 2. c4 e6 3. Nc3 Bb4 4. Qc2 O-O 5. a3 Bxc3+ 6. Qxc3 b6 7. Bg5 Bb7 8.
f3 h6 9. Bh4 c5 10. e3 d6 11. Bd3 Nbd7 12. Ne2 Rc8 13. b4 Re8 14. O-O Ba6 15.
dxc5 bxc5 16. b5 Bb7 17. Rfd1 d5 18. Bc2 Qb6 19. a4 d4 20. a5 1/2-1/2

[Event "FIDE Open A - Konik"]
[Site "?"]
[Date "2013.04.30"]
[Round "3.12"]
[White "Firt, Stanislav"]
[Black "Blahynka, Martin"]
[Result "1/2-1/2"]
[ECO "E12"]
[WhiteElo "2260"]
[BlackElo "2155"]
[PlyCount "54"]
[EventDate "2013.??.??"]
[TimeControl "6000+1055"]
[WhiteClock "0:40:45"]
[BlackClock "0:19:07"]

1. Nf3 Nf6 2. c4 e6 3. d4 b6 4. Bf4 Bb7 5. e3 Bb4+ 6. Nfd2 O-O 7. a3 Be7 8. Nc3
d6 9. e4 Nc6 10. Be3 e5 11. d5 Nd4 12. Bxd4 exd4 13. Nb5 c5 14. dxc6 Bxc6 15.
Nxd4 Bxe4 16. Nxe4 Nxe4 17. Bd3 Nc5 18. Bc2 Bf6 19. O-O g6 20. Rb1 Ne6 21. Nc6
Qd7 22. Nb4 Rac8 23. Nd5 Bg7 24. Ba4 Qb7 25. Qe2 a6 26. Rfd1 Kh8 27. Bb3 Nd4
1/2-1/2

[Event "FIDE Open A - Konik"]
[Site "?"]
[Date "2013.04.30"]
[Round "3.13"]
[White "Chromík, Tomás"]
[Black "Minko, Vladimir"]
[Result "1/2-1/2"]
[ECO "B40"]
[WhiteElo "1885"]
[BlackElo "2252"]
[PlyCount "75"]
[EventDate "2013.??.??"]
[TimeControl "6000+2215"]
[WhiteClock "0:00:42"]
[BlackClock "0:02:18"]

1. e4 c5 2. Nf3 e6 3. c4 Nc6 4. Nc3 Nf6 5. Be2 d5 6. exd5 exd5 7. d4 Be7 8. Be3
cxd4 9. Nxd4 Nxd4 10. Qxd4 dxc4 11. Qxd8+ Bxd8 12. Bxc4 O-O 13. O-O Bd7 14.
Rfd1 Bc6 15. Nb5 a6 16. Nd6 Ng4 17. Bc5 Bf6 18. Rd2 Ne5 19. Bb3 Bg5 20. Rd4 Bf6
21. Rd2 Ng6 22. Rad1 Bg5 23. Rc2 Rad8 24. Bd5 Bxd5 25. Rxd5 Rfe8 26. g3 Re1+
27. Kg2 h6 28. Bb4 Re6 29. Rc7 Ne7 30. Rd4 Nc6 31. Rc4 Rexd6 32. Bxd6 Rxd6 33.
Rxb7 Nd8 34. Rc8 Kh7 35. Rbc7 Kg6 36. Rc2 Bf6 37. b3 Rd1 38. Rc1 1/2-1/2

[Event "FIDE Open A - Konik"]
[Site "?"]
[Date "2013.04.30"]
[Round "3.14"]
[White "Obrusnik, Michal"]
[Black "Kula, Dominik"]
[Result "1-0"]
[ECO "B32"]
[WhiteElo "2243"]
[BlackElo "1854"]
[PlyCount "55"]
[EventDate "2013.??.??"]
[TimeControl "6000+755"]
[WhiteClock "0:11:22"]
[BlackClock "0:40:39"]

1. e4 c5 2. Nf3 Nc6 3. d4 cxd4 4. Nxd4 e5 5. Nb5 a6 6. Nd6+ Bxd6 7. Qxd6 Qe7 8.
Qd1 Nf6 9. Nc3 d6 10. Bg5 Be6 11. Nd5 Bxd5 12. exd5 Nb8 13. Be2 h6 14. Be3 Qc7
15. O-O Nbd7 16. c4 O-O 17. Rc1 b6 18. f4 Rfe8 19. fxe5 Rxe5 20. Bd4 Re7 21.
Bd3 Rae8 22. Bb1 Re2 23. Bd3 R2e7 24. Bb1 Re2 25. Qd3 Nc5 26. Qg3 Nh5 27. Qf3
g6 28. g4 1-0

[Event "FIDE Open A - Konik"]
[Site "?"]
[Date "2013.04.30"]
[Round "3.15"]
[White "Khaetsky, Roman"]
[Black "Záleský, Karel"]
[Result "1-0"]
[ECO "B13"]
[WhiteElo "2426"]
[BlackElo "2100"]
[PlyCount "45"]
[EventDate "2013.??.??"]
[TimeControl "6000+1075"]
[WhiteClock "0:51:27"]
[BlackClock "0:32:38"]

1. e4 c6 2. d4 d5 3. exd5 cxd5 4. c4 Nc6 5. Nc3 e6 6. Nf3 Be7 7. cxd5 exd5 8.
Bb5 Nf6 9. Ne5 Bd7 10. O-O O-O 11. Qa4 Bd6 12. Bf4 Be8 13. Bg3 Qc7 14. Rac1 Rd8
15. Rfe1 Qb6 16. Bh4 a6 17. Bxf6 gxf6 18. Ng4 axb5 19. Nxf6+ Kg7 20. Qc2 Rh8
21. Qf5 h6 22. Qg4+ Kf8 23. Rxe8+ 1-0

[Event "FIDE Open A - Konik"]
[Site "?"]
[Date "2013.04.30"]
[Round "3.16"]
[White "Zwardon, Vojtech"]
[Black "Kuciel, Wladyslaw"]
[Result "1-0"]
[ECO "A14"]
[WhiteElo "2417"]
[BlackElo "2033"]
[PlyCount "43"]
[EventDate "2013.??.??"]
[TimeControl "6000+1125"]
[WhiteClock "0:39:30"]
[BlackClock "0:35:19"]

1. c4 Nf6 2. Nc3 c5 3. g3 Nc6 4. Bg2 e6 5. Nf3 d5 6. cxd5 Nxd5 7. O-O Be7 8.
Nxd5 Qxd5 9. d3 O-O 10. Be3 Qh5 11. Rc1 Bd7 12. d4 cxd4 13. Nxd4 Rfd8 14. Qb3
Na5 15. Qc2 Rac8 16. Qb1 Nc4 17. Bxb7 Nxe3 18. fxe3 Rc5 19. Qe4 Rb8 20. Bc6 Bc8
21. Rxc5 Qxc5 22. Qf4 1-0

[Event "FIDE Open A - Konik"]
[Site "?"]
[Date "2013.04.30"]
[Round "3.1"]
[White "Holemár, David"]
[Black "Lys, Josef"]
[Result "1/2-1/2"]
[ECO "A47"]
[WhiteElo "2285"]
[BlackElo "2137"]
[PlyCount "97"]
[EventDate "2013.??.??"]
[TimeControl "6000+765"]
[WhiteClock "0:07:24"]
[BlackClock "0:18:28"]

1. d4 Nf6 2. Nf3 b6 3. g3 Bb7 4. Bg2 g6 5. O-O Bg7 6. c4 O-O 7. Nc3 Ne4 8. Nxe4
Bxe4 9. Bg5 h6 10. Bd2 d5 11. cxd5 Qxd5 12. Bc3 Nc6 13. e3 Rfd8 14. Qe2 a5 15.
Rfd1 a4 16. Ne1 Bxg2 17. Nxg2 b5 18. e4 Qc4 19. Qxc4 bxc4 20. d5 Ne5 21. Ne3 a3
22. Kg2 Rdb8 23. bxa3 Ng4 24. Nxg4 Bxc3 25. Rac1 Rxa3 26. Ne3 Bb4 27. Rxc4 Bd6
28. Rc2 Rba8 29. Rdd2 R3a4 30. Nc4 R8a7 31. Re2 Kg7 32. h4 Rb4 33. Nd2 Rd4 34.
Nf3 Rd1 35. h5 gxh5 36. e5 Bb4 37. Rc4 Ba3 38. Rd2 Rxd2 39. Nxd2 Bb2 40. Nf3
Kf8 41. Rc2 Ba1 42. Rc1 Bb2 43. Rc6 Kg7 44. Kh3 Ba1 45. Kg2 Bb2 46. Kf1 Ba1 47.
Rc2 Kf8 48. Rc6 Kg7 49. Kg2 1/2-1/2

[Event "FIDE Open A - Konik"]
[Site "?"]
[Date "2013.04.30"]
[Round "3.2"]
[White "Szotkowski, Jakub"]
[Black "Furman, Boris"]
[Result "1-0"]
[ECO "D38"]
[WhiteElo "2135"]
[BlackElo "2223"]
[PlyCount "93"]
[EventDate "2013.??.??"]
[TimeControl "6000+1240"]
[WhiteClock "0:36:43"]
[BlackClock "0:13:51"]

1. d4 Nf6 2. c4 e6 3. Nf3 d5 4. Nc3 Bb4 5. e3 O-O 6. a3 Bxc3+ 7. bxc3 Nc6 8.
Qc2 Na5 9. cxd5 exd5 10. Bd3 Re8 11. O-O c5 12. dxc5 Bg4 13. Nd4 Rc8 14. a4 Bh5
15. Nb5 Rxc5 16. Ba3 Rc6 17. Nxa7 Rce6 18. Nb5 Qb8 19. f3 Nc4 20. Bxc4 dxc4 21.
e4 g5 22. Nd4 Ra6 23. g4 Bg6 24. Bc1 Qe5 25. Qd2 h6 26. Rb1 Rxa4 27. Rxb7 Rea8
28. Rb5 Qc7 29. Qf2 Ra2 30. Qg3 Qe7 31. h4 gxh4 32. Qxh4 Qc7 33. e5 Nd7 34.
Qxh6 R8a6 35. Qf4 Bd3 36. Re1 Ra1 37. Kf2 R6a2+ 38. Kg3 Nf8 39. Nf5 Ng6 40. Qh6
Bxf5 41. gxf5 Ra6 42. Rh1 Rxc1 43. Qh7+ Kf8 44. Rxc1 Qd8 45. Qh6+ Ke8 46. Rcb1
Nf8 47. Qxf8+ 1-0

[Event "FIDE Open A - Konik"]
[Site "?"]
[Date "2013.04.30"]
[Round "3.3"]
[White "Orzechowski, Jacek"]
[Black "Nguyen, Thai Dai Van"]
[Result "1/2-1/2"]
[ECO "A01"]
[WhiteElo "2219"]
[BlackElo "2132"]
[PlyCount "88"]
[EventDate "2013.??.??"]
[TimeControl "6000+840"]
[WhiteClock "0:22:47"]
[BlackClock "0:30:05"]

1. b3 d5 2. Bb2 Nf6 3. e3 c5 4. Nf3 Nc6 5. Bb5 e6 6. c4 Bd7 7. O-O Be7 8. cxd5
exd5 9. d4 O-O 10. dxc5 Bxc5 11. Nc3 Be6 12. Na4 Bd6 13. Bxc6 bxc6 14. Rc1 Rc8
15. Nc5 Qe7 16. b4 Rfe8 17. h3 a5 18. a3 axb4 19. axb4 Nd7 20. Qd4 f6 21. Nxe6
Qxe6 22. Qc3 Qe7 23. b5 c5 24. Ra1 Ne5 25. Nxe5 fxe5 26. Rfd1 d4 27. Qd3 c4 28.
Qe4 c3 29. Bc1 Bc5 30. f4 exf4 31. Qxe7 Rxe7 32. exd4 c2 33. Rd3 Rd7 34. Ra4
Rcd8 35. Kf1 Rxd4 36. Raxd4 Rxd4 37. Rc3 Rd1+ 38. Ke2 Rxc1 39. Rxc5 Rb1 40.
Rxc2 Rxb5 41. Kf3 Rb4 42. Rc5 g6 43. Rc7 h5 44. h4 Ra4 1/2-1/2

[Event "FIDE Open A - Konik"]
[Site "?"]
[Date "2013.04.30"]
[Round "3.4"]
[White "Zidek, Václav"]
[Black "Karhánek, Pavel"]
[Result "0-1"]
[ECO "B02"]
[WhiteElo "2190"]
[BlackElo "2030"]
[PlyCount "116"]
[EventDate "2013.??.??"]
[TimeControl "5400+1210"]
[WhiteClock "0:09:16"]
[BlackClock "0:21:11"]

1. e4 Nf6 2. Nc3 d5 3. e5 Ne4 4. Qf3 Nxc3 5. dxc3 c5 6. Bf4 Bf5 7. O-O-O e6 8.
c4 Nc6 9. cxd5 exd5 10. Qxd5 Qxd5 11. Rxd5 Nd4 12. Nf3 Be6 13. Nxd4 Bxd5 14.
Bb5+ Kd8 15. Nf5 Be6 16. Rd1+ Kc7 17. Nd6 Be7 18. Bd3 Rad8 19. Be4 g6 20. Nxb7
Rxd1+ 21. Kxd1 Rb8 22. Na5 Rxb2 23. Nc6 Bf8 24. Nxa7 Rxa2 25. Nb5+ Kb6 26. Nc3
Ra7 27. Nd5+ Kb5 28. Nc3+ Kb6 29. Nd5+ Bxd5 30. Bxd5 Re7 31. Bg3 Bg7 32. f4 g5
33. c4 gxf4 34. Bxf4 Bxe5 35. Bxe5 Rxe5 36. Bxf7 Rf5 37. Bd5 Rf2 38. Ke1 Ra2
39. h4 Kc7 40. g4 Rh2 41. h5 h6 42. Kf1 Rb2 43. Kg1 Kd7 44. Kh1 Ke7 45. Kg1 Kf6
46. Kf1 Kg5 47. Be6 Kf4 48. Bd7 Rc2 49. Be6 Kf3 50. Kg1 Rg2+ 51. Kf1 Rxg4 52.
Bd5+ Ke3 53. Be6 Rh4 54. Kg2 Rxh5 55. Bf7 Rf5 56. Be6 Rf4 57. Kg3 Rd4 58. Kh2
Kd3 0-1

[Event "FIDE Open A - Konik"]
[Site "?"]
[Date "2013.04.30"]
[Round "3.5"]
[White "Kubík, Michael"]
[Black "Taus, Martin"]
[Result "1-0"]
[ECO "B01"]
[WhiteElo "2111"]
[BlackElo "2169"]
[PlyCount "83"]
[EventDate "2013.??.??"]
[TimeControl "6000+1700"]
[WhiteClock "0:01:20"]
[BlackClock "0:01:31"]

1. e4 d5 2. exd5 Nf6 3. d4 Bg4 4. Bb5+ Nbd7 5. Be2 Bxe2 6. Qxe2 Nxd5 7. Nf3 e6
8. O-O c6 9. c4 N5f6 10. Rd1 Be7 11. Nc3 Nb6 12. Bf4 O-O 13. Ne5 Qc8 14. Rd3
Rd8 15. Re1 c5 16. d5 Bd6 17. Rg3 exd5 18. Bh6 Ne8 19. Qf3 Qe6 20. cxd5 Qxh6
21. Qxf7+ Kh8 22. Rh3 Qxh3 23. gxh3 Bxe5 24. Rxe5 Nd6 25. Qf4 Rf8 26. Qg4 Rf6
27. Ne4 Rg6 28. Ng5 Nbc4 29. Re6 Rxe6 30. dxe6 h6 31. Nf7+ Kh7 32. Qf4 Rf8 33.
e7 Rxf7 34. Qxf7 Nxf7 35. e8=Q Ng5 36. Qb5 Nd2 37. Qd3+ Nge4 38. b3 Kh8 39. h4
g5 40. f3 g4 41. fxe4 Nf3+ 42. Kf2 1-0

[Event "FIDE Open A - Konik"]
[Site "?"]
[Date "2013.04.30"]
[Round "3.6"]
[White "Kapusta, Petr"]
[Black "Závesický, Petr"]
[Result "1-0"]
[ECO "B01"]
[WhiteElo "2165"]
[BlackElo "1978"]
[PlyCount "39"]
[EventDate "2013.??.??"]
[TimeControl "6000+1115"]
[WhiteClock "0:27:07"]
[BlackClock "0:31:20"]

1. e4 d5 2. exd5 Qxd5 3. Nc3 Qa5 4. d4 c6 5. Nf3 Nf6 6. Bc4 Bf5 7. Bd2 e6 8.
Qe2 Nbd7 9. O-O-O Qc7 10. Nh4 Be7 11. Nxf5 exf5 12. Rhe1 Nb6 13. Bd3 Rd8 14.
Bg5 Kf8 15. Bxf5 h6 16. Bh4 g6 17. Qxe7+ Qxe7 18. Rxe7 Kxe7 19. Re1+ Kd6 20.
Bg3# 1-0

[Event "FIDE Open A - Konik"]
[Site "?"]
[Date "2013.04.30"]
[Round "3.7"]
[White "Snyta, Zdenek"]
[Black "Bures, Martin"]
[Result "1/2-1/2"]
[ECO "C47"]
[WhiteElo "2081"]
[BlackElo "2147"]
[PlyCount "91"]
[EventDate "2013.??.??"]
[TimeControl "6000+1390"]
[WhiteClock "1:13:53"]
[BlackClock "0:03:30"]

1. e4 e5 2. Nc3 Nc6 3. Nf3 Nf6 4. d4 exd4 5. Nxd4 Bb4 6. Nxc6 bxc6 7. Bd3 d5 8.
exd5 Qe7+ 9. Qe2 Qxe2+ 10. Kxe2 Bxc3 11. bxc3 cxd5 12. Ba3 Kd7 13. Rhe1 Bb7 14.
Kf1 Rhe8 15. Reb1 Bc6 16. Bf5+ Kd8 17. Re1 Bb5+ 18. Kg1 g6 19. Bd3 Bxd3 20.
cxd3 Kd7 21. Bc5 a6 22. f3 Rxe1+ 23. Rxe1 Re8 24. Rxe8 Nxe8 25. Kf2 Kc6 26. Be7
Ng7 27. Ke2 Kb5 28. Bg5 Ne6 29. Bc1 c5 30. Kd1 c4 31. d4 Ka4 32. Kc2 Ng7 33. g4
f5 34. h3 h5 35. Kb1 fxg4 36. fxg4 hxg4 37. hxg4 Ne6 38. Bh6 g5 39. Kb2 a5 40.
Kb1 Kb5 41. Kb2 a4 42. Ka3 Ka5 43. Kb2 Kb5 44. Ka3 Ka5 45. Kb2 Kb5 46. Ka3
1/2-1/2

[Event "FIDE Open A - Konik"]
[Site "?"]
[Date "2013.04.30"]
[Round "3.8"]
[White "Chlevistan, Jakub"]
[Black "Rakús, Pavel"]
[Result "0-1"]
[ECO "D45"]
[WhiteElo "2075"]
[BlackElo "2144"]
[PlyCount "58"]
[EventDate "2013.??.??"]
[TimeControl "6000+1235"]
[WhiteClock "0:31:00"]
[BlackClock "0:12:38"]

1. Nf3 d5 2. d4 Nf6 3. c4 c6 4. Nc3 e6 5. e3 Nbd7 6. b3 Bb4 7. Bd2 O-O 8. Be2
Re8 9. O-O Bd6 10. Qc2 b6 11. Rad1 Bb7 12. e4 dxe4 13. Ng5 Qc7 14. h3 c5 15.
dxc5 Nxc5 16. b4 Nd3 17. Ncxe4 Nxe4 18. Bxd3 Nxg5 19. Bxg5 h6 20. Bd2 Rac8 21.
Rc1 Qe7 22. a3 Bb8 23. Bc3 Qg5 24. f4 Bxf4 25. Rxf4 Qxf4 26. Rf1 Qe3+ 27. Kh2
f5 28. Re1 Qf4+ 29. Kh1 Qg3 0-1

[Event "FIDE Open A - Konik"]
[Site "?"]
[Date "2013.04.30"]
[Round "3.9"]
[White "Richterová, Natasa"]
[Black "Veselý, Martin"]
[Result "0-1"]
[ECO "B30"]
[WhiteElo "1954"]
[BlackElo "2178"]
[PlyCount "80"]
[EventDate "2013.??.??"]
[TimeControl "6000+975"]
[WhiteClock "0:00:39"]
[BlackClock "0:31:18"]

1. e4 c5 2. Nf3 Nc6 3. Bb5 e6 4. Bxc6 bxc6 5. O-O d5 6. Re1 Be7 7. b3 Nf6 8. e5
Nd7 9. Nc3 Qa5 10. Ne2 Ba6 11. Ng3 c4 12. Bb2 c5 13. Nh5 O-O 14. h3 Rfc8 15.
Nh2 Nf8 16. Ng4 Ng6 17. Kh1 Bg5 18. Bc3 Qd8 19. bxc4 d4 20. Bb2 Bxc4 21. d3 Bd5
22. Bc1 Bxc1 23. Qxc1 Qh4 24. Nhf6+ gxf6 25. Nxf6+ Kg7 26. Nxd5 exd5 27. Qd1
Re8 28. Qf3 Rad8 29. Rab1 Nxe5 30. Qf5 Qf6 31. Qh5 Ng6 32. Rxe8 Rxe8 33. Kg1
Re5 34. Qf3 Qxf3 35. gxf3 Re2 36. Rc1 Nf4 37. h4 Kg6 38. Kf1 Kh5 39. a4 Kxh4
40. c3 Ra2 0-1

[Event "FIDE Open A - Konik"]
[Site "?"]
[Date "2013.04.30"]
[Round "3.10"]
[White "Ockay, Tomás"]
[Black "Didi, Jan"]
[Result "1/2-1/2"]
[ECO "A04"]
[WhiteElo "2146"]
[BlackElo "2053"]
[PlyCount "109"]
[EventDate "2013.??.??"]
[TimeControl "6000+1725"]
[WhiteClock "0:05:54"]
[BlackClock "0:14:33"]

1. Nf3 c5 2. b3 Nf6 3. Bb2 e6 4. c4 Be7 5. g3 O-O 6. Bg2 Nc6 7. O-O Qc7 8. Nc3
a6 9. d4 cxd4 10. Nxd4 d6 11. Rc1 Ne5 12. h3 Bd7 13. Qd2 Rac8 14. Rfd1 Rfd8 15.
Kh2 Qb8 16. f4 Ng6 17. e4 h6 18. Nce2 Bc6 19. Nxc6 bxc6 20. Qa5 e5 21. f5 Nf8
22. Qxa6 N8d7 23. Qa5 Nc5 24. Qc3 Ncxe4 25. Qe3 Nc5 26. Rc2 Qb7 27. Ba3 Nfd7
28. b4 Bg5 29. Qf2 Qa6 30. Bb2 Nb7 31. a3 Re8 32. h4 Bf6 33. Qe3 e4 34. Nd4 Ne5
35. Qe2 d5 36. cxd5 Qxe2 37. Nxe2 Ng4+ 38. Kg1 Ne3 39. Bxf6 Nxc2 40. dxc6 Rxc6
41. Bb2 Ne3 42. Rd2 Nxg2 43. Kxg2 Nd6 44. Nd4 Nc4 45. Nxc6 Nxd2 46. Kf2 Nc4 47.
Bc1 Ne5 48. Nxe5 Rxe5 49. Ke3 Rxf5 50. Kxe4 Rf1 51. Bf4 Ra1 52. b5 Rxa3 53. Kd5
g5 54. hxg5 hxg5 55. Bxg5 1/2-1/2

[Event "FIDE Open A - Konik"]
[Site "?"]
[Date "2013.04.30"]
[Round "3.11"]
[White "Nowak, Maciej"]
[Black "Leks, Maria"]
[Result "0-1"]
[ECO "D19"]
[WhiteElo "1975"]
[BlackElo "2091"]
[PlyCount "92"]
[EventDate "2013.??.??"]
[TimeControl "6000+1490"]
[WhiteClock "0:16:00"]
[BlackClock "0:29:25"]

1. d4 d5 2. c4 c6 3. Nf3 Nf6 4. Nc3 dxc4 5. a4 Bf5 6. e3 e6 7. Bxc4 Bb4 8. O-O
O-O 9. Qe2 Bg4 10. h3 Bh5 11. Rd1 Nbd7 12. e4 Rc8 13. e5 Nd5 14. Nxd5 cxd5 15.
Bd3 Bg6 16. Bxg6 fxg6 17. Be3 Nb6 18. b3 a6 19. Rdc1 Qd7 20. Ng5 h6 21. Nf3 g5
22. Qd3 Qf7 23. h4 g4 24. Nh2 Qf5 25. Qxf5 exf5 26. g3 Na8 27. Kf1 Nc7 28. Ke2
Ne6 29. f4 Bc3 30. Ra2 Bxd4 31. Rac2 Rxc2+ 32. Rxc2 Bxe3 33. Kxe3 g5 34. hxg5
hxg5 35. fxg5 Kg7 36. b4 Kg6 37. b5 axb5 38. axb5 Ra8 39. Rb2 Ra3+ 40. Kf2 Kxg5
41. Nf1 f4 42. gxf4+ Kxf4 43. b6 g3+ 44. Kg2 Kg4 45. Kg1 Nf4 46. Rd2 g2 0-1

[Event "FIDE Open A - Konik"]
[Site "?"]
[Date "2013.04.30"]
[Round "3.12"]
[White "Stehlík, Jiri"]
[Black "Omamík, Pavel"]
[Result "0-1"]
[ECO "B07"]
[WhiteElo "1981"]
[BlackElo "2076"]
[PlyCount "82"]
[EventDate "2013.??.??"]
[TimeControl "5400+710"]
[WhiteClock "0:01:17"]
[BlackClock "0:07:43"]

1. d4 d6 2. e4 Nf6 3. Nc3 c6 4. Be2 Nbd7 5. Nf3 e5 6. a4 Be7 7. O-O O-O 8. Re1
Qc7 9. h3 Rd8 10. Be3 Nf8 11. Bd3 Ng6 12. Qc1 Nh5 13. Bf1 Ngf4 14. Ne2 g5 15.
Ng3 Ng7 16. c3 Be6 17. Qc2 f6 18. Nd2 Qc8 19. c4 h5 20. Rac1 h4 21. Ne2 Ngh5
22. Nc3 Kh8 23. Qd1 Rg8 24. f3 Ng3 25. d5 Bd7 26. Kh2 Bd8 27. Bf2 Nxf1+ 28.
Rxf1 Bxh3 29. g3 hxg3+ 30. Bxg3 Bg2 31. Kg1 Qh3 32. Bxf4 gxf4 33. Kf2 Bb6+ 34.
Ke2 Bxf1+ 35. Qxf1 Rg2+ 36. Kd3 Rag8 37. Ne2 Be3 38. Re1 Qh4 39. Nb1 Rf2 40.
Qh1 Rh2 41. Qf1 Rgg2 0-1

[Event "FIDE Open A - Konik"]
[Site "?"]
[Date "2013.04.30"]
[Round "3.13"]
[White "Dobes, Ludek"]
[Black "Hastík, Svatopluk"]
[Result "1-0"]
[ECO "A40"]
[WhiteElo "2064"]
[BlackElo "2034"]
[PlyCount "81"]
[EventDate "2013.??.??"]
[TimeControl "6000+1315"]
[WhiteClock "0:07:38"]
[BlackClock "0:01:10"]

1. d4 g6 2. Nf3 Bg7 3. g3 Nf6 4. Bg2 O-O 5. O-O d6 6. c4 c6 7. b3 Nbd7 8. Bb2
Qc7 9. Nc3 Re8 10. Rc1 e5 11. e3 Nb6 12. h3 Bd7 13. c5 dxc5 14. dxe5 Nfd5 15.
Ne4 Bf8 16. Nxc5 Rad8 17. Qd4 Be6 18. Nxe6 fxe6 19. Qe4 Qf7 20. g4 Nc7 21. Rfd1
Qe7 22. Nd4 Nbd5 23. f4 Rd7 24. a3 Bg7 25. b4 Red8 26. Nb3 Nxf4 27. Rxd7 Nxh3+
28. Bxh3 Rxd7 29. Nd4 Qh4 30. Kg2 Rf7 31. Nf3 Qe7 32. Rf1 Nd5 33. Nd2 Rxf1 34.
Nxf1 Qh4 35. Ng3 Qg5 36. Bd4 a6 37. Ne2 h5 38. Kg3 h4+ 39. Kf3 Kf7 40. Nf4 Bf8
41. Nxd5 1-0

[Event "FIDE Open A - Konik"]
[Site "?"]
[Date "2013.04.30"]
[Round "3.14"]
[White "Kolár, Stanislav"]
[Black "Miculka, David"]
[Result "1-0"]
[ECO "B12"]
[WhiteElo "2139"]
[BlackElo "1877"]
[PlyCount "115"]
[EventDate "2013.??.??"]
[TimeControl "6000+670"]
[WhiteClock "0:57:42"]
[BlackClock "0:04:32"]

1. e4 c6 2. d4 d5 3. e5 Bf5 4. Nf3 e6 5. Be2 Nd7 6. O-O Ne7 7. Nh4 Bg6 8. Nd2
Qb6 9. Nxg6 Nxg6 10. Nf3 Be7 11. g3 f6 12. Bd3 f5 13. c4 Rc8 14. c5 Qd8 15. b4
b6 16. a4 O-O 17. h4 Qe8 18. Bg5 h6 19. Bxe7 Nxe7 20. Kg2 Qh5 21. Be2 Qg6 22.
Rh1 Rb8 23. h5 Qf7 24. Rb1 bxc5 25. dxc5 a5 26. Qd4 axb4 27. Nh4 Qe8 28. f4 Qd8
29. Rxb4 Qa5 30. Rhb1 Rxb4 31. Qxb4 Qxb4 32. Rxb4 Nxc5 33. Ng6 Re8 34. a5 Kf7
35. Rb6 Rc8 36. a6 Rc7 37. Nh8+ Ke8 38. Rb8+ Kd7 39. Rf8 Rc8 40. Rxc8 Nxc8 41.
Kf3 d4 42. Bf1 Na7 43. Bc4 Kc7 44. Ng6 Kd7 45. Nh8 Ke7 46. Ng6+ Kf7 47. g4 Ne4
48. Bxe6+ Kxe6 49. gxf5+ Kd5 50. Ne7+ Kc4 51. Kxe4 d3 52. f6 d2 53. Nf5 Kb5 54.
Ne3 gxf6 55. exf6 Nc8 56. a7 Nd6+ 57. Kd3 Nc4 58. a8=Q 1-0

[Event "FIDE Open A - Konik"]
[Site "?"]
[Date "2013.04.30"]
[Round "3.16"]
[White "Marecková, Martina"]
[Black "Maltsev, Leonid"]
[Result "1/2-1/2"]
[ECO "B23"]
[WhiteElo "2095"]
[BlackElo "1989"]
[PlyCount "23"]
[EventDate "2013.??.??"]
[TimeControl "6000+1665"]
[WhiteClock "0:43:49"]
[BlackClock "1:04:30"]

1. e4 c5 2. Nc3 e6 3. d3 d5 4. g3 Nc6 5. Bg2 Nf6 6. Nge2 Be7 7. O-O O-O 8. h3
dxe4 9. Nxe4 Nxe4 10. dxe4 e5 11. Nc3 Bg5 12. Qxd8 1/2-1/2

[Event "FIDE Open A - Konik"]
[Site "?"]
[Date "2013.04.30"]
[Round "3.1"]
[White "Ling, Bronislav"]
[Black "Trombík, Karel"]
[Result "1/2-1/2"]
[ECO "B12"]
[WhiteElo "2003"]
[BlackElo "2065"]
[PlyCount "140"]
[EventDate "2013.??.??"]
[TimeControl "6000+555"]
[WhiteClock "0:07:06"]
[BlackClock "0:21:15"]

1. e4 c6 2. d4 d5 3. e5 Bf5 4. Nc3 e6 5. g4 Bg6 6. Nge2 c5 7. h4 h5 8. Nf4 Nc6
9. Bb5 cxd4 10. Nxg6 fxg6 11. Qxd4 Qc7 12. Bg5 hxg4 13. O-O-O a6 14. Bxc6+ bxc6
15. Qxg4 Qf7 16. Rh3 Nh6 17. Bxh6 Rxh6 18. Qa4 Qd7 19. Rdd3 Rh5 20. Rhg3 Rxe5
21. Rxg6 Ra7 22. Qd4 Bd6 23. Re3 Rxe3 24. Qxe3 Kf7 25. h5 Rb7 26. Qg5 Ke8 27.
a3 Qf7 28. Qg4 Re7 29. Qa4 Qf4+ 30. Qxf4 Bxf4+ 31. Kd1 Kd7 32. Ne2 Be5 33. b3
a5 34. a4 c5 35. f4 Bd6 36. Kd2 Rf7 37. Ke3 Bc7 38. h6 gxh6 39. Rxh6 Bd6 40.
Rh8 Bc7 41. Rh5 Bb6 42. Kf3 Ke7 43. Kg4 Rg7+ 44. Kf3 Bc7 45. Ke3 Rf7 46. Rh8
Kd7 47. Rh6 Bd6 48. Rh8 Rf6 49. Ra8 Bc7 50. Rh8 Kc6 51. Rh5 Bd6 52. Rh8 Bf8 53.
c4 Bh6 54. cxd5+ exd5 55. Rc8+ Kb6 56. Re8 Rd6 57. Kd3 Rf6 58. Ke3 Bf8 59. Rb8+
Ka7 60. Re8 Bd6 61. Kf3 Kb6 62. Kg4 c4 63. bxc4 dxc4 64. Kg5 Rf8 65. Re6 Kc5
66. f5 Rg8+ 67. Kf6 Rf8+ 68. Kg6 Rg8+ 69. Kf6 Rf8+ 70. Kg6 Rh8 1/2-1/2

[Event "FIDE Open A - Konik"]
[Site "?"]
[Date "2013.04.30"]
[Round "3.2"]
[White "Zárský, Kamil"]
[Black "Kondula, Lukás"]
[Result "0-1"]
[ECO "A14"]
[WhiteElo "2033"]
[BlackElo "1968"]
[PlyCount "82"]
[EventDate "2013.??.??"]
[TimeControl "6000+830"]
[WhiteClock "0:26:21"]
[BlackClock "0:39:47"]

1. Nf3 Nf6 2. c4 e6 3. g3 d5 4. Bg2 Be7 5. O-O O-O 6. d4 b6 7. cxd5 exd5 8. Nc3
Bb7 9. Ne5 Nbd7 10. Nd3 Ne4 11. Qb3 Nxc3 12. bxc3 Nf6 13. Re1 a5 14. a4 h6 15.
Ba3 Bxa3 16. Qxa3 Ne4 17. Rad1 Ba6 18. f3 Nd6 19. e4 Nc4 20. Qa1 Re8 21. e5 Bc8
22. f4 Bg4 23. Rc1 Qd7 24. Nf2 Bf5 25. Qa2 Rab8 26. h3 h5 27. Bf1 b5 28. Kh2
bxa4 29. Bxc4 dxc4 30. Qxc4 Rb2 31. Re2 Reb8 32. d5 Rxe2 33. Qxe2 a3 34. Rd1
Rb2 35. Rd2 Qb5 36. Qxb5 Rxb5 37. Nd1 Bb1 38. d6 a2 39. c4 Rb7 40. d7 Rb8 41.
f5 a1=Q 0-1